Workbook

Sheet PPA 2025
A1: PLAN PREVISIONNEL D'ACHAT 2025
K3: Lieu d'exécution des prestations
A4: N° | B4: Domaine | C4: Sous-domaine | D4: Sigle du ministère | E4: Nom de l'acheteur | F4: Type PAYS/ETAB | G4: Catégorie de marché ou accord-cadre (Fournitures, Services, Travaux) | H4: Objet du marché | I4: Marché ou accord-cadre estimé à (XPF HT) | J4: Type de procédure | K4: Archipel | L4: Ile | M4: Mois prévisionnel de consultation
A5: 1 | B5: =IF(C5="","",VLOOKUP(C5,'Domaines et sous domaines'!$D$3:$E$64,2,FALSE)) -> Biens immobiliers et travaux de construction | C5: Prestations intellectuelles travaux | D5: PR | E5: SDT | F5: PAYS | G5: Travaux | H5: Construction de sanitaires sur le site de Taharuu | I5: Marché entre 20M XPF HT et 34M XPF HT | J5: Procédure adaptée | K5: IDV | L5: Tahiti | M5: 45717
A6: 1 | B6: =IF(C6="","",VLOOKUP(C6,'Domaines et sous domaines'!$D$3:$E$64,2,FALSE)) -> Biens immobiliers et travaux de construction | C6: Opération de travaux individuels bâtiments | D6: PR | E6: SDT | F6: PAYS | G6: Services | H6: Maîtrise d'œuvre, aménagement Toaroto | I6: Marché entre 8M XPF HT et 19M XPF HT | J6: Procédure adaptée | K6: IDV | L6: Tahiti | M6: 45748
A7: 1 | B7: =IF(C7="","",VLOOKUP(C7,'Domaines et sous domaines'!$D$3:$E$64,2,FALSE)) -> Biens immobiliers et travaux de construction | C7: Opération de travaux individuels bâtiments | D7: PR | E7: SDT | F7: PAYS | G7: Travaux | H7: Travaux de réhabilitation du site du Trou du Souffleur | I7: Marché entre 8M XPF HT et 19M XPF HT | J7: Procédure adaptée | K7: IDV | L7: Tahiti | M7: 45962
A8: 1 | B8: =IF(C8="","",VLOOKUP(C8,'Domaines et sous domaines'!$D$3:$E$64,2,FALSE)) -> Biens immobiliers et travaux de construction | C8: Opération de travaux individuels bâtiments | D8: PR | E8: SDT | F8: PAYS | G8: Travaux | H8: Travaux de démolition du musée Gauguin, Papeari | I8: Marché entre 20M XPF HT et 34M XPF HT | J8: Procédure adaptée | K8: IDV | L8: Tahiti | M8: 45962
A9: 1 | B9: =IF(C9="","",VLOOKUP(C9,'Domaines et sous domaines'!$D$3:$E$64,2,FALSE)) -> Maintenance et exploitation bâtiments et infrastructures | C9: Prestation de services sur bâtiments | D9: PR | E9: SDT | F9: PAYS | G9: Services | H9: Entretien de sites touristiques espaces verts Tahiti (3) Raiatea (1) et Nuku Hiva (1) - 2 ans | I9: Marché entre 20M XPF HT et 34M XPF HT | J9: Procédure adaptée | K9: IDV | L9: Tahiti | M9: 45689
A10: 1 | B10: =IF(C10="","",VLOOKUP(C10,'Domaines et sous domaines'!$D$3:$E$64,2,FALSE)) -> Maintenance et exploitation bâtiments et infrastructures | C10: Prestation de services sur bâtiments | D10: PR | E10: SDT | F10: PAYS | G10: Services | H10: Entretien de sentiers de randonnée (2) sur l'île de Tahiti - 2 ans | I10: Marché entre 20M XPF HT et 34M XPF HT | J10: Procédure adaptée | K10: IDV | L10: Tahiti | M10: 45689
A11: 1 | B11: =IF(C11="","",VLOOKUP(C11,'Domaines et sous domaines'!$D$3:$E$64,2,FALSE)) -> Maintenance et exploitation bâtiments et infrastructures | C11: Prestation de services sur bâtiments | D11: PR | E11: SDT | F11: PAYS | G11: Services | H11: Entretien d'un site touristique (en attente de DSP) - 1 an max | I11: Marché entre 8M XPF HT et 19M XPF HT | J11: Procédure adaptée | K11: IDV | L11: Tahiti | M11: 45689
A12: 1 | B12: =IF(C12="","",VLOOKUP(C12,'Domaines et sous domaines'!$D$3:$E$64,2,FALSE)) -> Maintenance et exploitation bâtiments et infrastructures | C12: Prestation de services sur bâtiments | D12: PR | E12: SDT | F12: PAYS | G12: Services | H12: Entretien de sentiers de randonnée (3) sur Nuku Hiva - 2 ans | I12: Marché entre 8M XPF HT et 19M XPF HT | J12: Procédure adaptée | K12: MARQUISES | L12: Nuku Hiva | M12: 45717
A13: 1 | B13: =IF(C13="","",VLOOKUP(C13,'Domaines et sous domaines'!$D$3:$E$64,2,FALSE)) -> Maintenance et exploitation bâtiments et infrastructures | C13: Prestation de services sur bâtiments | D13: PR | E13: SDT | F13: PAYS | G13: Services | H13: Entretien de sentiers de randonnée (2) sur Rurutu - 2 ans | I13: Marché entre 8M XPF HT et 19M XPF HT | J13: Procédure adaptée | K13: AUSTRALES | L13: Rurutu | M13: 45717
A14: 1 | B14: =IF(C14="","",VLOOKUP(C14,'Domaines et sous domaines'!$D$3:$E$64,2,FALSE)) -> Maintenance et exploitation bâtiments et infrastructures | C14: Prestation de services sur bâtiments | D14: PR | E14: SDT | F14: PAYS | G14: Services | H14: Entretien d'un site touristique espaces verts (Tahua Motu Ovini) - 2 ans | I14: Marché entre 20M XPF HT et 34M XPF HT | J14: Procédure adaptée | K14: IDV | L14: Tahiti | M14: 45962
A15: 1 | B15: =IF(C15="","",VLOOKUP(C15,'Domaines et sous domaines'!$D$3:$E$64,2,FALSE)) -> Maintenance et exploitation bâtiments et infrastructures | C15: Prestation de services sur bâtiments | D15: PR | E15: SDT | F15: PAYS | G15: Services | H15: Entretien d'un site touristique sanitaires (Tahua Motu Ovini) 2 ans | I15: Marché entre 20M XPF HT et 34M XPF HT | J15: Procédure adaptée | K15: IDV | L15: Tahiti | M15: 45962
A16: 1 | B16: =IF(C16="","",VLOOKUP(C16,'Domaines et sous domaines'!$D$3:$E$64,2,FALSE)) -> Maintenance et exploitation bâtiments et infrastructures | C16: Prestation de services sur bâtiments | D16: PR | E16: SDT | F16: PAYS | G16: Services | H16: Gardiennage de sites touristiques 2 sites (Taharaa et Pointe Venus) - 3 ans | I16: Marché entre 20M XPF HT et 34M XPF HT | J16: Procédure adaptée | K16: IDV | L16: Tahiti | M16: 45901
... A102: 4 | B102: =IF(C102="","",VLOOKUP(C102,'Domaines et sous domaines'!$D$3:$E$64,2,FALSE)) -> Biens immobiliers et travaux de construction | C102: Opération de travaux individuels infrastructures transports et routes | D102: MGT | E102: DEQ | F102: PAYS | G102: Travaux | H102: Construction d'une passerelle et aménagement d'un cheminement sur le front de mer de Tipaerui (3IF 2025) | I102: Marché strictement supérieur à 500M XPF HT | J102: Appel d'offres ouvert | K102: IDV | L102: Tahiti | M102: 45717
A103: 4 | B103: =IF(C103="","",VLOOKUP(C103,'Domaines et sous domaines'!$D$3:$E$64,2,FALSE)) -> Biens immobiliers et travaux de construction | C103: Opération de travaux individuels infrastructures transports et routes | D103: MGT | E103: DEQ | F103: PAYS | G103: Travaux | H103: Travaux routiers et assainissement RT1, RDO, RDP et RT4 - Tahiti (3IF 2025) | I103: Marché entre 100M XPF HT et 499M XPF HT | J103: Appel d'offres ouvert | K103: IDV | L103: Tahiti
A104: 4 | B104: =IF(C104="","",VLOOKUP(C104,'Domaines et sous domaines'!$D$3:$E$64,2,FALSE)) -> Biens immobiliers et travaux de construction | C104: Opération de travaux individuels infrastructures transports et routes | D104: MGT | E104: DEQ | F104: PAYS | G104: Travaux | H104: Aérodrome de Aratika - Mise aux normes en code 3C (3IF 2024) | I104: Marché strictement supérieur à 500M XPF HT | J104: Appel d'offres ouvert | K104: TUAMOTU | L104: ARATIKA | M104: 45839
A105: 4 | B105: =IF(C105="","",VLOOKUP(C105,'Domaines et sous domaines'!$D$3:$E$64,2,FALSE)) -> Biens immobiliers et travaux de construction | C105: Opération de travaux individuels infrastructures transports et routes | D105: MGT | E105: DEQ | F105: PAYS | G105: Travaux | H105: Réaménagement des giratoires en carrefours à feux de la RT 7 | I105: Marché strictement supérieur à 500M XPF HT | J105: Appel d'offres ouvert | K105: IDV | L105: Tahiti | M105: 45870
A106: 4 | B106: =IF(C106="","",VLOOKUP(C106,'Domaines et sous domaines'!$D$3:$E$64,2,FALSE)) -> Biens immobiliers et travaux de construction | C106: Opération de travaux individuels infrastructures transports et routes | D106: MGT | E106: DEQ | F106: PAYS | G106: Travaux | H106: Mises aux normes 2C de l'aérodrome de NAPUKA - Travaux (3IF 2025) | I106: Marché strictement supérieur à 500M XPF HT | J106: Appel d'offres ouvert | K106: TUAMOTU | L106: Napuka | M106: 45689
A107: 4 | B107: =IF(C107="","",VLOOKUP(C107,'Domaines et sous domaines'!$D$3:$E$64,2,FALSE)) -> Biens immobiliers et travaux de construction | C107: Opération de travaux individuels infrastructures transports et routes | D107: MGT | E107: DEQ | F107: PAYS | G107: Travaux | H107: Construction d'un débarcadère à Kauehi - Travaux (3IF 2025) | I107: Marché strictement supérieur à 500M XPF HT | J107: Appel d'offres ouvert | K107: TUAMOTU | L107: Kauehi | M107: 45658
A108: 4 | B108: =IF(C108="","",VLOOKUP(C108,'Domaines et sous domaines'!$D$3:$E$64,2,FALSE)) -> Biens immobiliers et travaux de construction | C108: Opération de travaux individuels infrastructures transports et routes | D108: MGT | E108: DEQ | F108: PAYS | G108: Travaux | H108: Réfection du quai de Fakarava - Travaux (3IF 2025) | I108: Marché strictement supérieur à 500M XPF HT | J108: Appel d'offres ouvert | K108: TUAMOTU | L108: Fakarava | M108: 45778
A109: 4 | B109: =IF(C109="","",VLOOKUP(C109,'Domaines et sous domaines'!$D$3:$E$64,2,FALSE)) -> Biens immobiliers et travaux de construction | C109: Opération de travaux individuels infrastructures transports et routes | D109: MGT | E109: DEQ | F109: PAYS | G109: Travaux | H109: Sécurisation du talus du virage sur la RT2 du PK 42,9 au PK 43,2 | I109: Marché entre 35M XPF HT et 99M XPF HT | J109: Appel d'offres ouvert | K109: IDV | L109: Tahiti
A110: 4 | B110: =IF(C110="","",VLOOKUP(C110,'Domaines et sous domaines'!$D$3:$E$64,2,FALSE)) -> Biens immobiliers et travaux de construction | C110: Opération de travaux individuels infrastructures transports et routes | D110: MGT | E110: DEQ | F110: PAYS | G110: Travaux | H110: Mise aux normes de l'éclairage public routier RC de Moorea - Travaux | I110: Marché entre 100M XPF HT et 499M XPF HT | J110: Appel d'offres ouvert | K110: IDV | L110: Moorea | M110: 45658
A111: 4 | B111: =IF(C111="","",VLOOKUP(C111,'Domaines et sous domaines'!$D$3:$E$64,2,FALSE)) -> Biens immobiliers et travaux de construction | C111: Opération de travaux individuels infrastructures transports et routes | D111: MGT | E111: DEQ | F111: PAYS | G111: Travaux | H111: Mise en œuvre de dispositifs de retenue des RT - Archipel de la Société (3IF 2025) | I111: Marché entre 100M XPF HT et 499M XPF HT | J111: Appel d'offres ouvert | K111: IDV | L111: Tahiti - Moorea
A112: 4 | B112: =IF(C112="","",VLOOKUP(C112,'Domaines et sous domaines'!$D$3:$E$64,2,FALSE)) -> Biens immobiliers et travaux de construction | C112: Opération de travaux individuels infrastructures transports et routes | D112: MGT | E112: DEQ | F112: PAYS | G112: Travaux | H112: Réaménagement de la route de la vallée de la Papenoo depuis la route de ceinture -1ere tranche (3IF 2025) | I112: Marché entre 100M XPF HT et 499M XPF HT | J112: Appel d'offres ouvert | K112: IDV | L112: Tahiti
A113: 4 | B113: =IF(C113="","",VLOOKUP(C113,'Domaines et sous domaines'!$D$3:$E$64,2,FALSE)) -> Biens immobiliers et travaux de construction | C113: Opération de travaux individuels infrastructures transports et routes | D113: MGT | E113: DEQ | F113: PAYS | G113: Travaux | H113: Reconstruction du dalot PK 38,100 - Vairearea à Hitiaa (3IF 2025) | I113: Marché entre 100M XPF HT et 499M XPF HT | J113: Appel d'offres ouvert | K113: IDV | L113: Tahiti | M113: 45717
A114: 4 | B114: =IF(C114="","",VLOOKUP(C114,'Domaines et sous domaines'!$D$3:$E$64,2,FALSE)) -> Biens immobiliers et travaux de construction | C114: Opération de travaux individuels infrastructures transports et routes | D114: MGT | E114: DEQ | F114: PAYS | G114: Travaux | H114: Travaux de modernisation des ouvrages d'art des RT Tahiti (3IF 2025) | I114: Marché entre 100M XPF HT et 499M XPF HT | J114: Appel d'offres ouvert | K114: IDV | L114: Tahiti
A115: 4 | B115: =IF(C115="","",VLOOKUP(C115,'Domaines et sous domaines'!$D$3:$E$64,2,FALSE)) -> Biens immobiliers et travaux de construction | C115: Opération de travaux individuels infrastructures transports et routes | D115: MGT | E115: DEQ | F115: PAYS | G115: Travaux | H115: Travaux routiers et assainissement RT2, RT3 et RT7 - Tahiti (3IF 2025) | I115: Marché entre 100M XPF HT et 499M XPF HT | J115: Appel d'offres ouvert | K115: IDV | L115: Tahiti
A116: 4 | B116: =IF(C116="","",VLOOKUP(C116,'Domaines et sous domaines'!$D$3:$E$64,2,FALSE)) -> Biens immobiliers et travaux de construction | C116: Opération de travaux individuels infrastructures transports et routes | D116: MGT | E116: DEQ | F116: PAYS | G116: Travaux | H116: Aménagement et travaux routiers RT divers - Tahiti (3IF 2025) | I116: Marché entre 35M XPF HT et 99M XPF HT | J116: Appel d'offres ouvert | K116: IDV | L116: Tahiti
A117: 4 | B117: =IF(C117="","",VLOOKUP(C117,'Domaines et sous domaines'!$D$3:$E$64,2,FALSE)) -> Biens immobiliers et travaux de construction | C117: Opération de travaux individuels infrastructures transports et routes | D117: MGT | E117: DEQ | F117: PAYS | G117: Travaux | H117: Confortement et sécurisation des emprises routières et dépendances de Tahiti (3IF 2025) | I117: Marché entre 35M XPF HT et 99M XPF HT | J117: Appel d'offres ouvert | K117: IDV | L117: Tahiti
A118: 4 | B118: =IF(C118="","",VLOOKUP(C118,'Domaines et sous domaines'!$D$3:$E$64,2,FALSE)) -> Biens immobiliers et travaux de construction | C118: Opération de travaux individuels infrastructures transports et routes | D118: MGT | E118: DEQ | F118: PAYS | G118: Travaux | H118: Travaux d'aménagement de la RT Maharepa / Paopao - PK 6 à 9 Ouest (3IF 2025) | I118: Marché entre 100M XPF HT et 499M XPF HT | J118: Appel d'offres ouvert | K118: IDV | L118: Moorea
A119: 4 | B119: =IF(C119="","",VLOOKUP(C119,'Domaines et sous domaines'!$D$3:$E$64,2,FALSE)) -> Biens immobiliers et travaux de construction | C119: Opération de travaux individuels infrastructures transports et routes | D119: MGT | E119: DEQ | F119: PAYS | G119: Travaux | H119: Assainissement pluvial et réfection de chaussée RC Huahine (3IF 2025) | I119: Marché entre 100M XPF HT et 499M XPF HT | J119: Appel d'offres ouvert | K119: ISLV | L119: Huahine
A120: 4 | B120: =IF(C120="","",VLOOKUP(C120,'Domaines et sous domaines'!$D$3:$E$64,2,FALSE)) -> Biens immobiliers et travaux de construction | C120: Opération de travaux individuels infrastructures transports et routes | D120: MGT | E120: DEQ | F120: PAYS | G120: Travaux | H120: Assainissement pluvial et réfection de chaussée RC Tahaa (3IF 2025) | I120: Marché entre 35M XPF HT et 99M XPF HT | J120: Appel d'offres ouvert | K120: ISLV | L120: Tahaa
A121: 4 | B121: =IF(C121="","",VLOOKUP(C121,'Domaines et sous domaines'!$D$3:$E$64,2,FALSE)) -> Biens immobiliers et travaux de construction | C121: Opération de travaux individuels infrastructures transports et routes | D121: MGT | E121: DEQ | F121: PAYS | G121: Travaux | H121: Assainissement pluvial et réfection de chaussée RC Raiatea (3IF 2025) | I121: Marché entre 100M XPF HT et 499M XPF HT | J121: Appel d'offres ouvert | K121: ISLV | L121: Raiatea
A122: 4 | B122: =IF(C122="","",VLOOKUP(C122,'Domaines et sous domaines'!$D$3:$E$64,2,FALSE)) -> Biens immobiliers et travaux de construction | C122: Opération de travaux individuels infrastructures transports et routes | D122: MGT | E122: DEQ | F122: PAYS | G122: Travaux | H122: Aménagement d'un réseau de pistes cyclables sur RT Tahiti | I122: Marché entre 35M XPF HT et 99M XPF HT | J122: Appel d'offres ouvert | K122: IDV | L122: Tahiti | M122: 45992
A123: 4 | B123: =IF(C123="","",VLOOKUP(C123,'Domaines et sous domaines'!$D$3:$E$64,2,FALSE)) -> Biens immobiliers et travaux de construction | C123: Opération de travaux individuels infrastructures transports et routes | D123: MGT | E123: DEQ | F123: PAYS | G123: Travaux | H123: Assainissement pluvial et réfection de chaussée RC Bora Bora (3IF 2025) | I123: Marché entre 100M XPF HT et 499M XPF HT | J123: Appel d'offres ouvert | K123: ISLV | L123: Bora Bora | M123: 45658
A124: 4 | B124: =IF(C124="","",VLOOKUP(C124,'Domaines et sous domaines'!$D$3:$E$64,2,FALSE)) -> Biens immobiliers et travaux de construction | C124: Opération de travaux individuels infrastructures transports et routes | D124: MGT | E124: DEQ | F124: PAYS | G124: Travaux | H124: Sécurisation des talus du col de Toovii - Tranche 3 - Nuku Hiva (3IF 2025) | I124: Marché entre 100M XPF HT et 499M XPF HT | J124: Appel d'offres ouvert | K124: MARQUISES | L124: Nuku Hiva | M124: 45809
A125: 4 | B125: =IF(C125="","",VLOOKUP(C125,'Domaines et sous domaines'!$D$3:$E$64,2,FALSE)) -> Biens immobiliers et travaux de construction | C125: Opération de travaux individuels infrastructures transports et routes | D125: MGT | E125: DEQ | F125: PAYS | G125: Travaux | H125: Aérodrome de Hiva Oa - Reconstruction de la vigie (3IF 2013) | I125: Marché entre 100M XPF HT et 499M XPF HT | J125: Appel d'offres ouvert | K125: MARQUISES | L125: Hiva Oa | M125: 45809
A126: 4 | B126: =IF(C126="","",VLOOKUP(C126,'Domaines et sous domaines'!$D$3:$E$64,2,FALSE)) -> Biens immobiliers et travaux de construction | C126: Opération de travaux individuels infrastructures transports et routes | D126: MGT | E126: DEQ | F126: PAYS | G126: Travaux | H126: Renforcement de la RT entre Aakapa et l'aéroport de Terre Déserte - Tranche 1 - Nuku Hiva (3IF 2025) | I126: Marché entre 35M XPF HT et 99M XPF HT | J126: Appel d'offres ouvert | K126: MARQUISES | L126: Nuku Hiva | M126: 45809
A127: 4 | B127: =IF(C127="","",VLOOKUP(C127,'Domaines et sous domaines'!$D$3:$E$64,2,FALSE)) -> Biens immobiliers et travaux de construction | C127: Opération de travaux individuels infrastructures transports et routes | D127: MGT | E127: DEQ | F127: PAYS | G127: Travaux | H127: Renforcement de chaussée de la RT 441 - Ua Huka (3IF 2025) | I127: Marché entre 100M XPF HT et 499M XPF HT | J127: Appel d'offres ouvert | K127: MARQUISES | L127: Ua Huka | M127: 45809
A128: 4 | B128: =IF(C128="","",VLOOKUP(C128,'Domaines et sous domaines'!$D$3:$E$64,2,FALSE)) -> Biens immobiliers et travaux de construction | C128: Opération de travaux individuels infrastructures transports et routes | D128: MGT | E128: DEQ | F128: PAYS | G128: Travaux | H128: Bétonnage de la route de liaison Ahurei - Area - (3IF 2025) | I128: Marché entre 100M XPF HT et 499M XPF HT | J128: Appel d'offres ouvert | K128: AUSTRALES | L128: Rapa | M128: 45658
A129: 4 | B129: =IF(C129="","",VLOOKUP(C129,'Domaines et sous domaines'!$D$3:$E$64,2,FALSE)) -> Biens immobiliers et travaux de construction | C129: Opération de travaux individuels infrastructures transports et routes | D129: MGT | E129: DEQ | F129: PAYS | G129: Travaux | H129: Extension de l'aérogare de Tikehau - Travaux (3IF 2023) | I129: Marché entre 100M XPF HT et 499M XPF HT | J129: Appel d'offres ouvert | K129: TUAMOTU | L129: Tikehau | M129: 45658
A130: 4 | B130: =IF(C130="","",VLOOKUP(C130,'Domaines et sous domaines'!$D$3:$E$64,2,FALSE)) -> Biens immobiliers et travaux de construction | C130: Opération de travaux individuels infrastructures transports et routes | D130: MGT | E130: DEQ | F130: PAYS | G130: Travaux | H130: Réaménagement du carrefour de la Présidence à Papeete | I130: Marché entre 100M XPF HT et 499M XPF HT | J130: Appel d'offres ouvert | K130: IDV | L130: Tahiti | M130: 45809
A131: 4 | B131: =IF(C131="","",VLOOKUP(C131,'Domaines et sous domaines'!$D$3:$E$64,2,FALSE)) -> Biens immobiliers et travaux de construction | C131: Opération de travaux individuels infrastructures transports et routes | D131: MGT | E131: DEQ | F131: PAYS | G131: Travaux | H131: Aménagements et travaux divers - Ouvrages maritimes - 2025 | I131: Marché entre 100M XPF HT et 499M XPF HT | J131: Appel d'offres ouvert | K131: POLYNESIE | L131: Polynésie française
A132: 4 | B132: =IF(C132="","",VLOOKUP(C132,'Domaines et sous domaines'!$D$3:$E$64,2,FALSE)) -> Biens immobiliers et travaux de construction | C132: Opération de travaux individuels infrastructures transports et routes | D132: MGT | E132: DEQ | F132: PAYS | G132: Travaux | H132: Reconstruction du pont radier du village de Takaroa (3IF 2024) | I132: Marché entre 100M XPF HT et 499M XPF HT | J132: Appel d'offres ouvert | K132: TUAMOTU | L132: Takaroa | M132: 45658
A133: 4 | B133: =IF(C133="","",VLOOKUP(C133,'Domaines et sous domaines'!$D$3:$E$64,2,FALSE)) -> Biens immobiliers et travaux de construction | C133: Opération de travaux individuels infrastructures transports et routes | D133: MGT | E133: DEQ | F133: PAYS | G133: Travaux | H133: Travaux de réhabilitation des infrastructures maritimes d'Avera à Rurutu - 2025 | I133: Marché entre 100M XPF HT et 499M XPF HT | J133: Appel d'offres ouvert | K133: AUSTRALES | L133: Rurutu | M133: 45748
A134: 4 | B134: =IF(C134="","",VLOOKUP(C134,'Domaines et sous domaines'!$D$3:$E$64,2,FALSE)) -> Biens immobiliers et travaux de construction | C134: Fournitures et matériel infrastructures transports et routes | D134: MGT | E134: DEQ | F134: PAYS | G134: Fournitures | H134: Balisage maritime 2025 (3IF 2025) | I134: Marché entre 100M XPF HT et 499M XPF HT | J134: Appel d'offres ouvert | K134: POLYNESIE | L134: Polynésie française
A135: 4 | B135: =IF(C135="","",VLOOKUP(C135,'Domaines et sous domaines'!$D$3:$E$64,2,FALSE)) -> Biens immobiliers et travaux de construction | C135: Opération de travaux individuels infrastructures transports et routes | D135: MGT | E135: DEQ | F135: PAYS | G135: Travaux | H135: Construction de la vigie et des installations techniques sur l'aérodrome de Totegegie - Travaux (3IF 2025) | I135: Marché entre 100M XPF HT et 499M XPF HT | J135: Appel d'offres ouvert | K135: GAMBIER | L135: Mangareva | M135: 45809
A136: 4 | B136: =IF(C136="","",VLOOKUP(C136,'Domaines et sous domaines'!$D$3:$E$64,2,FALSE)) -> Biens immobiliers et travaux de construction | C136: Opération de travaux individuels infrastructures transports et routes | D136: MGT | E136: DEQ | F136: PAYS | G136: Travaux | H136: Construction de la vigie sur l'aérodrome de Arutua - Travaux (3IF 2025) | I136: Marché entre 100M XPF HT et 499M XPF HT | J136: Appel d'offres ouvert | K136: TUAMOTU | L136: Arutua | M136: 45748
A137: 4 | B137: =IF(C137="","",VLOOKUP(C137,'Domaines et sous domaines'!$D$3:$E$64,2,FALSE)) -> Biens immobiliers et travaux de construction | C137: Opération de travaux individuels infrastructures transports et routes | D137: MGT | E137: DEQ | F137: PAYS | G137: Travaux | H137: Création d'une vigie et installations techniques de l'aérodrome de MANIHI - Travaux (3IF 2025) | I137: Marché entre 35M XPF HT et 99M XPF HT | J137: Appel d'offres ouvert | K137: TUAMOTU | L137: Manihi | M137: 45689
A138: 4 | B138: =IF(C138="","",VLOOKUP(C138,'Domaines et sous domaines'!$D$3:$E$64,2,FALSE)) -> Biens immobiliers et travaux de construction | C138: Opération de travaux individuels infrastructures transports et routes | D138: MGT | E138: DEQ | F138: PAYS | G138: Travaux | H138: Reconstruction de 2 ponts (Apooiti et Tehurui) - Raiatea (3IF 2021) | I138: Marché entre 35M XPF HT et 99M XPF HT | J138: Appel d'offres ouvert | K138: ISLV | L138: Raiatea | M138: 45658
A139: 4 | B139: =IF(C139="","",VLOOKUP(C139,'Domaines et sous domaines'!$D$3:$E$64,2,FALSE)) -> Biens immobiliers et travaux de construction | C139: Opération de travaux individuels infrastructures transports et routes | D139: MGT | E139: DEQ | F139: PAYS | G139: Travaux | H139: Protection des berges de la rivière Vaiaua au pk 36 à Hitiaa (3IF 2025) | I139: Marché entre 35M XPF HT et 99M XPF HT | J139: Appel d'offres ouvert | K139: IDV | L139: Tahiti
A140: 4 | B140: =IF(C140="","",VLOOKUP(C140,'Domaines et sous domaines'!$D$3:$E$64,2,FALSE)) -> Biens immobiliers et travaux de construction | C140: Opération de travaux individuels infrastructures transports et routes | D140: MGT | E140: DEQ | F140: PAYS | G140: Travaux | H140: Protection des berges des rivières et du littoral à Tahiti (3IF 2025) | I140: Marché entre 100M XPF HT et 499M XPF HT | J140: Appel d'offres ouvert | K140: IDV | L140: Tahiti
A141: 4 | B141: =IF(C141="","",VLOOKUP(C141,'Domaines et sous domaines'!$D$3:$E$64,2,FALSE)) -> Biens immobiliers et travaux de construction | C141: Opération de travaux individuels infrastructures transports et routes | D141: MGT | E141: DEQ | F141: PAYS | G141: Travaux | H141: Etudes et travaux pour la réhabilitation ou la reconstruction des locaux administratifs DEQ - 2025 | I141: Marché entre 35M XPF HT et 99M XPF HT | J141: Appel d'offres ouvert | K141: POLYNESIE | L141: Polynésie française
A142: 4 | B142: =IF(C142="","",VLOOKUP(C142,'Domaines et sous domaines'!$D$3:$E$64,2,FALSE)) -> Biens immobiliers et travaux de construction | C142: Opération de travaux individuels infrastructures transports et routes | D142: MGT | E142: DEQ | F142: PAYS | G142: Travaux | H142: Etudes et réfection d'ouvrages d'art des routes territoriales | I142: Marché entre 35M XPF HT et 99M XPF HT | J142: Appel d'offres ouvert | K142: POLYNESIE | L142: Polynésie française
A143: 4 | B143: =IF(C143="","",VLOOKUP(C143,'Domaines et sous domaines'!$D$3:$E$64,2,FALSE)) -> Biens immobiliers et travaux de construction | C143: Opération de travaux individuels infrastructures transports et routes | D143: MGT | E143: DEQ | F143: PAYS | G143: Travaux | H143: Etudes et travaux pour la réhabilitation ou la reconstruction des locaux techniques DEQ - 2025 | I143: Marché entre 35M XPF HT et 99M XPF HT | J143: Appel d'offres ouvert | K143: POLYNESIE | L143: Polynésie française
A144: 4 | B144: =IF(C144="","",VLOOKUP(C144,'Domaines et sous domaines'!$D$3:$E$64,2,FALSE)) -> Biens immobiliers et travaux de construction | C144: Opération de travaux individuels infrastructures transports et routes | D144: MGT | E144: DEQ | F144: PAYS | G144: Travaux | H144: Construction d'un hangar pour la machine de transfert à Punaauia | I144: Marché entre 35M XPF HT et 99M XPF HT | J144: Appel d'offres ouvert | K144: IDV | L144: Tahiti
A145: 4 | B145: =IF(C145="","",VLOOKUP(C145,'Domaines et sous domaines'!$D$3:$E$64,2,FALSE)) -> Biens immobiliers et travaux de construction | C145: Opération de travaux individuels infrastructures transports et routes | D145: MGT | E145: DEQ | F145: PAYS | G145: Travaux | H145: Protection contre la houle réseau routier RC Bora Bora | I145: Marché entre 35M XPF HT et 99M XPF HT | J145: Appel d'offres ouvert | K145: ISLV | L145: Bora Bora | M145: 45748
A146: 4 | B146: =IF(C146="","",VLOOKUP(C146,'Domaines et sous domaines'!$D$3:$E$64,2,FALSE)) -> Biens immobiliers et travaux de construction | C146: Opération de travaux individuels infrastructures transports et routes | D146: MGT | E146: DEQ | F146: PAYS | G146: Travaux | H146: Mise aux normes de la signalisation verticale des RT - Archipel de la Société (3IF 2025) | I146: Marché entre 35M XPF HT et 99M XPF HT | J146: Appel d'offres ouvert | K146: POLYNESIE | L146: Polynésie française | M146: 45962
A147: 4 | B147: =IF(C147="","",VLOOKUP(C147,'Domaines et sous domaines'!$D$3:$E$64,2,FALSE)) -> Biens immobiliers et travaux de construction | C147: Opération de travaux individuels infrastructures transports et routes | D147: MGT | E147: DEQ | F147: PAYS | G147: Travaux | H147: Mise aux normes de la signalisation horizontale des RT - Archipel de la Société (3IF 2025) | I147: Marché entre 35M XPF HT et 99M XPF HT | J147: Appel d'offres ouvert | K147: POLYNESIE | L147: Polynésie française | M147: 45717
A148: 4 | B148: =IF(C148="","",VLOOKUP(C148,'Domaines et sous domaines'!$D$3:$E$64,2,FALSE)) -> Biens immobiliers et travaux de construction | C148: Opération de travaux individuels infrastructures transports et routes | D148: MGT | E148: DEQ | F148: PAYS | G148: Travaux | H148: Aménagement des cheminements piétonniers - Tahiti (3IF 2025) | I148: Marché entre 35M XPF HT et 99M XPF HT | J148: Appel d'offres ouvert | K148: IDV | L148: Tahiti
A149: 4 | B149: =IF(C149="","",VLOOKUP(C149,'Domaines et sous domaines'!$D$3:$E$64,2,FALSE)) -> Biens immobiliers et travaux de construction | C149: Opération de travaux individuels infrastructures transports et routes | D149: MGT | E149: DEQ | F149: PAYS | G149: Travaux | H149: Assainissement pluvial et réfection de chaussée RC Maupiti (3IF 2025) | I149: Marché entre 35M XPF HT et 99M XPF HT | J149: Appel d'offres ouvert | K149: ISLV | L149: Maupiti | M149: 45689
A150: 4 | B150: =IF(C150="","",VLOOKUP(C150,'Domaines et sous domaines'!$D$3:$E$64,2,FALSE)) -> Biens immobiliers et travaux de construction | C150: Opération de travaux individuels infrastructures transports et routes | D150: MGT | E150: DEQ | F150: PAYS | G150: Travaux | H150: Redimensionnement exutoire zone cité scolaire FARE MATIE - UTUROA | I150: Marché entre 35M XPF HT et 99M XPF HT | J150: Appel d'offres ouvert | K150: ISLV | L150: Raiatea
A151: 4 | B151: =IF(C151="","",VLOOKUP(C151,'Domaines et sous domaines'!$D$3:$E$64,2,FALSE)) -> Biens immobiliers et travaux de construction | C151: Opération de travaux individuels infrastructures transports et routes | D151: MGT | E151: DEQ | F151: PAYS | G151: Travaux | H151: Calibrage et enrochements des rivières à Tahaa | I151: Marché entre 20M XPF HT et 34M XPF HT | J151: Procédure adaptée | K151: ISLV | L151: Tahaa | M151: 45689
A152: 4 | B152: =IF(C152="","",VLOOKUP(C152,'Domaines et sous domaines'!$D$3:$E$64,2,FALSE)) -> Biens immobiliers et travaux de construction | C152: Opération de travaux individuels infrastructures transports et routes | D152: MGT | E152: DEQ | F152: PAYS | G152: Travaux | H152: Réhabilitation du débarcadère de Hanaiapa - Hiva Oa | I152: Marché entre 8M XPF HT et 19M XPF HT | J152: Procédure adaptée | K152: MARQUISES | L152: Hiva Oa | M152: 45748
A153: 4 | B153: =IF(C153="","",VLOOKUP(C153,'Domaines et sous domaines'!$D$3:$E$64,2,FALSE)) -> Biens immobiliers et travaux de construction | C153: Opération de travaux individuels infrastructures transports et routes | D153: MGT | E153: DEQ | F153: PAYS | G153: Travaux | H153: Création d'exutoires en béton, assainissement Infirmerie - Maupiti | I153: Marché entre 8M XPF HT et 19M XPF HT | J153: Procédure adaptée | K153: TUAMOTU | L153: Maupiti | M153: 45658
A154: 4 | B154: =IF(C154="","",VLOOKUP(C154,'Domaines et sous domaines'!$D$3:$E$64,2,FALSE)) -> Biens immobiliers et travaux de construction | C154: Opération de travaux individuels infrastructures transports et routes | D154: MGT | E154: DEQ | F154: PAYS | G154: Travaux | H154: Modernisation et extension du réseau hydrographique 2025 | I154: Marché entre 8M XPF HT et 19M XPF HT | J154: Procédure adaptée | K154: POLYNESIE | L154: Polynésie française
A155: 4 | B155: =IF(C155="","",VLOOKUP(C155,'Domaines et sous domaines'!$D$3:$E$64,2,FALSE)) -> Maintenance et exploitation bâtiments et infrastructures | C155: Prestation de maintenance et réparation technique | D155: MGT | E155: DEQ | F155: PAYS | G155: Services | H155: Diagnostics amiante et plomb des bâtiments du Pays - 2025 | I155: Marché entre 35M XPF HT et 99M XPF HT | J155: Procédure adaptée | K155: POLYNESIE | L155: Polynésie française
A156: 4 | B156: =IF(C156="","",VLOOKUP(C156,'Domaines et sous domaines'!$D$3:$E$64,2,FALSE)) -> Biens immobiliers et travaux de construction | C156: Opération de travaux individuels infrastructures transports et routes | D156: MGT | E156: DEQ | F156: PAYS | G156: Travaux | H156: Protection contre la houle de la marina d'avitaillement d'Avatoru Rangiroa | I156: Marché entre 100M XPF HT et 499M XPF HT | J156: Appel d'offres ouvert | K156: TUAMOTU | L156: Rangiroa | M156: 45778
A157: 4 | B157: =IF(C157="","",VLOOKUP(C157,'Domaines et sous domaines'!$D$3:$E$64,2,FALSE)) -> Biens immobiliers et travaux de construction | C157: Opération de travaux individuels infrastructures transports et routes | D157: MGT | E157: DEQ | F157: PAYS | G157: Travaux | H157: Sécurisation du talus en aval de la RT à Tahauku - HIVA OA | I157: Marché entre 100M XPF HT et 499M XPF HT | J157: Appel d'offres ouvert | K157: MARQUISES | L157: Hiva Oa | M157: 45717
A158: 4 | B158: =IF(C158="","",VLOOKUP(C158,'Domaines et sous domaines'!$D$3:$E$64,2,FALSE)) -> Biens immobiliers et travaux de construction | C158: Opération de travaux individuels infrastructures transports et routes | D158: MGT | E158: DEQ | F158: PAYS | G158: Travaux | H158: Sécurisation du talus en aval de la RT à Hanapaaoa - HIVA OA | I158: Marché entre 100M XPF HT et 499M XPF HT | J158: Appel d'offres ouvert | K158: MARQUISES | L158: Hiva Oa | M158: 45717
A159: 4 | B159: =IF(C159="","",VLOOKUP(C159,'Domaines et sous domaines'!$D$3:$E$64,2,FALSE)) -> Biens immobiliers et travaux de construction | C159: Opération de travaux individuels infrastructures transports et routes | D159: MGT | E159: DEQ | F159: PAYS | G159: Travaux | H159: Protection littorale de la RT au PK 18 Est - Moorea (3IF 2024) | I159: Marché entre 100M XPF HT et 499M XPF HT | J159: Appel d'offres ouvert | K159: IDV | L159: Moorea | M159: 45717
A160: 4 | B160: =IF(C160="","",VLOOKUP(C160,'Domaines et sous domaines'!$D$3:$E$64,2,FALSE)) -> Biens immobiliers et travaux de construction | C160: Opération de travaux individuels infrastructures transports et routes | D160: MGT | E160: DEQ | F160: PAYS | G160: Travaux | H160: Aménagement de la rivière Hamuta - Pirae - Tranche 1 (3IF 2023) - tronçon lycée Taaone | I160: Marché entre 100M XPF HT et 499M XPF HT | J160: Appel d'offres ouvert | K160: IDV | L160: Tahiti | M160: 45717
A161: 4 | B161: =IF(C161="","",VLOOKUP(C161,'Domaines et sous domaines'!$D$3:$E$64,2,FALSE)) -> Biens immobiliers et travaux de construction | C161: Opération de travaux individuels infrastructures transports et routes | D161: MGT | E161: DEQ | F161: PAYS | G161: Travaux | H161: Reconstruction des ponts de Vaipoopoo au PK 10,7 et de Paepaeotia au PK 13 à Pueu - Tahiti (3IF 2024) | I161: Marché entre 100M XPF HT et 499M XPF HT | J161: Appel d'offres ouvert | K161: IDV | L161: Tahiti | M161: 45689
A162: 4 | B162: =IF(C162="","",VLOOKUP(C162,'Domaines et sous domaines'!$D$3:$E$64,2,FALSE)) -> Biens immobiliers et travaux de construction | C162: Opération de travaux individuels infrastructures transports et routes | D162: MGT | E162: DEQ | F162: PAYS | G162: Travaux | H162: Aménagement du prolongement de la 3ème entrée Est de Papeete - Tranche 1 (3 IF 2017) | I162: Marché entre 100M XPF HT et 499M XPF HT | J162: Appel d'offres ouvert | K162: IDV | L162: Tahiti | M162: 45689
A163: 4 | B163: =IF(C163="","",VLOOKUP(C163,'Domaines et sous domaines'!$D$3:$E$64,2,FALSE)) -> Biens immobiliers et travaux de construction | C163: Opération de travaux individuels infrastructures transports et routes | D163: MGT | E163: DEQ | F163: PAYS | G163: Travaux | H163: Réfection du canal de la rivière de Tipaerui | I163: Marché entre 100M XPF HT et 499M XPF HT | J163: Appel d'offres ouvert | K163: IDV | L163: Tahiti | M163: 45717
A164: 4 | B164: =IF(C164="","",VLOOKUP(C164,'Domaines et sous domaines'!$D$3:$E$64,2,FALSE)) -> Biens immobiliers et travaux de construction | C164: Opération de travaux individuels infrastructures transports et routes | D164: MGT | E164: DEQ | F164: PAYS | G164: Travaux | H164: Installation d'un balisage lumineux autonome - Aérodrome de Hiva Oa - Travaux | I164: Marché entre 100M XPF HT et 499M XPF HT | J164: Appel d'offres ouvert | K164: MARQUISES | L164: Hiva Oa | M164: 45689
A165: 4 | B165: =IF(C165="","",VLOOKUP(C165,'Domaines et sous domaines'!$D$3:$E$64,2,FALSE)) -> Prestations intellectuelles et formation | C165: Prestations intellectuelles | D165: MGT | E165: DPAM | F165: PAYS | G165: Services | H165: Etude de marché relative à la desserte maritime de/vers Tahiti Sud | I165: Marché entre 20M XPF HT et 34M XPF HT | J165: Procédure adaptée | K165: IDV | L165: Tahiti | M165: 45658
A166: 4 | B166: =IF(C166="","",VLOOKUP(C166,'Domaines et sous domaines'!$D$3:$E$64,2,FALSE)) -> Informatique et Télécoms | C166: Logiciels | D166: MGT | E166: DPAM | F166: PAYS | G166: Services | H166: Développement informatique sur les projets « TE MITI » et « PAHI » - Lot n°1 : Prestations de programmation informatique ANGULAR - Lot n°2 : Prestations de programmation informatique en langage PYTHON, et en protocole API REST avec le progiciel ODOO | I166: Marché entre 35M XPF HT et 99M XPF HT | J166: Appel d'offres ouvert | K166: IDV | L166: Tahiti | M166: 45698
A167: 4 | B167: =IF(C167="","",VLOOKUP(C167,'Domaines et sous domaines'!$D$3:$E$64,2,FALSE)) -> Biens immobiliers et travaux de construction | C167: Opération de travaux individuels infrastructures transports et routes | D167: MGT | E167: DPAM | F167: PAYS | G167: Travaux | H167: Installation de mouillages écologiques à Taiarapu-Ouest et Raiatea-Tahaa - LOT 1 : Taiarapu-Ouest - LOT 2 - Raiatea-Tahaa | I167: Marché entre 100M XPF HT et 499M XPF HT | J167: Appel d'offres ouvert | K167: IDV | L167: Tahiti | M167: 45698
... A272: 7 | B272: =IF(C272="","",VLOOKUP(C272,'Domaines et sous domaines'!$D$3:$E$64,2,FALSE)) -> Prestations intellectuelles et formation | C272: Prestations intellectuelles | D272: MPR | E272: DIREN | F272: PAYS | G272: Services | H272: Elaboration d'un schéma directeur de gestion de l’eau pour l’archipel des Tuamotu – Action 26 de la PDE | I272: Marché entre 8M XPF HT et 19M XPF HT | J272: Procédure adaptée | K272: TUAMOTU - GAMBIER | L272: Tuamotu - Gambier | M272: 45839
A273: 7 | B273: =IF(C273="","",VLOOKUP(C273,'Domaines et sous domaines'!$D$3:$E$64,2,FALSE)) -> Moyens généraux | C273: Laboratoires, mesures, essais, contrôles, analyses | D273: MPR | E273: DIREN | F273: PAYS | G273: Services | H273: Analyses en laboratoire (suivi de la qualité des eaux souterraines et superficielles + contrôle en cas de pollution) – Action 16, 17 et 19 de la PDE | I273: Marché entre 8M XPF HT et 19M XPF HT | J273: Procédure adaptée | K273: IDV | L273: Tahiti
A274: 7 | B274: =IF(C274="","",VLOOKUP(C274,'Domaines et sous domaines'!$D$3:$E$64,2,FALSE)) -> Moyens généraux | C274: Collecte et traitement déchets | D274: MPR | E274: DIREN | F274: PAYS | G274: Services | H274: Dépollution des lits et berges de rivières en prévision de la saison des pluies | I274: Marché entre 8M XPF HT et 19M XPF HT | J274: Procédure adaptée | K274: IDV | L274: Tahiti (et Moorea) | M274: 45931
A275: 7 | B275: =IF(C275="","",VLOOKUP(C275,'Domaines et sous domaines'!$D$3:$E$64,2,FALSE)) -> Moyens de communication | C275: Prestation communication | D275: MPR | E275: DIREN | F275: PAYS | G275: Services | H275: Diffusion de spots pub sur la saison des pluies sur tous types de support média (Radio, Télé, RS, flyers, etc.) | I275: Marché entre 8M XPF HT et 19M XPF HT | J275: Appel d'offres restreint | K275: POLYNESIE | L275: Polynésie française | M275: 45901
A276: 7 | B276: =IF(C276="","",VLOOKUP(C276,'Domaines et sous domaines'!$D$3:$E$64,2,FALSE)) -> Prestations et services divers | C276: Autres prestations | D276: MPR | E276: DIREN | F276: PAYS | G276: Services | H276: Mise en œuvre du programme de préservation de la faune aviaire de Polynésie française 2025-2026 | I276: Marché entre 20M XPF HT et 34M XPF HT | J276: Procédure adaptée | K276: POLYNESIE | L276: Polynésie française | M276: 45662
A277: 7 | B277: =IF(C277="","",VLOOKUP(C277,'Domaines et sous domaines'!$D$3:$E$64,2,FALSE)) -> Prestations et services divers | C277: Autres prestations | D277: MPR | E277: DIREN | F277: PAYS | G277: Services | H277: Mise en œuvre du programme de lutte contre le miconia (Miconia calvescens) et autres espèces envahissantes à Nuku-Hiva | I277: Marché entre 20M XPF HT et 34M XPF HT | J277: Procédure adaptée | K277: MARQUISES | L277: Nuku-Hiva | M277: 45870
A278: 7 | B278: =IF(C278="","",VLOOKUP(C278,'Domaines et sous domaines'!$D$3:$E$64,2,FALSE)) -> Prestations intellectuelles et formation | C278: Prestations intellectuelles | D278: MPR | E278: DIREN | F278: PAYS | G278: Services | H278: Etudes environnementales diverses : Lot 1 : Bilan environnemental, économique et socio-culturel de la réserve de biosphère de Fakarava Lot 2 : Atlas de la biodiversité communale de Rimatara et des îlots Maria Lot 3 : Diagnostic environnemental, socio-économique et culturel des zones à vocation environnementale et sécuritaire du PGEM de Moorea Lot 5 : Diagnostic environnemental économique et socioculturel du site de l'aquarium sis à Rangiroa Lot 6 : Etude sur l'impact de la mise en place et du retrait des remblais et des pontons sur le domaine public maritime ou fluvial Lot 7 : Les outils de gestion et de protection des espaces en Polynésie française : diagnostic, préconisations et guide à desination des communes et des communautés Lot 8 : La protection des zones humides : diagnostic et préconisations. Lot 9 : Etat des lieux des espaces naturels protégés existants et recommandations pour leur mise en gestion effective | I278: Marché entre 20M XPF HT et 34M XPF HT | J278: Appel d'offres ouvert | K278: POLYNESIE | L278: Polynésie française | M278: 45748
A279: 7 | B279: =IF(C279="","",VLOOKUP(C279,'Domaines et sous domaines'!$D$3:$E$64,2,FALSE)) -> Prestations intellectuelles et formation | C279: Prestations intellectuelles | D279: MPR | E279: DIREN | F279: PAYS | G279: Services | H279: Remise en état de la signalétique des espaces maritimes protégés : Lot 1 : Réserve de Biosphère de Fakarava Lot 2 : Aire marine protégée de Teahupo'o | I279: Marché entre 8M XPF HT et 19M XPF HT | J279: Procédure adaptée | K279: TUAMOTU - IDV | L279: Teahupo'o- Fakarava | M279: 45887
A280: 7 | B280: =IF(C280="","",VLOOKUP(C280,'Domaines et sous domaines'!$D$3:$E$64,2,FALSE)) -> Prestations intellectuelles et formation | C280: Prestations intellectuelles | D280: MPR | E280: DIREN | F280: PAYS | G280: Services | H280: Le recensement des populations et des caractéristiques relatives aux animaux domestiques "chiens et chats" et/ou autres en Polynésie française | I280: Marché entre 8M XPF HT et 19M XPF HT | J280: Procédure adaptée | K280: POLYNESIE | L280: Polynésie française | M280: 45810
A281: 7 | B281: =IF(C281="","",VLOOKUP(C281,'Domaines et sous domaines'!$D$3:$E$64,2,FALSE)) -> Prestations et services divers | C281: Autres prestations | D281: MPR | E281: DIREN | F281: PAYS | G281: Services | H281: La gestion du fichier d'identification des animaux domestiques carnivores "chiens et chats" | I281: Marché entre 8M XPF HT et 19M XPF HT | J281: Dialogue compétitif | K281: POLYNESIE | L281: Polynésie française | M281: 45931
A282: 7 | B282: =IF(C282="","",VLOOKUP(C282,'Domaines et sous domaines'!$D$3:$E$64,2,FALSE)) -> Moyens généraux | C282: Collecte et traitement déchets | D282: MPR | E282: DIREN | F282: PAYS | G282: Services | H282: Traitement des déchets dangereux des îles éloignées de Polynésie française, hors IDV | I282: Marché entre 35M XPF HT et 99M XPF HT | J282: Appel d'offres ouvert | K282: POLYNESIE SAUF IDV | L282: Polynésie française | M282: 45748
A283: 7 | B283: =IF(C283="","",VLOOKUP(C283,'Domaines et sous domaines'!$D$3:$E$64,2,FALSE)) -> Biens immobiliers et travaux de construction | C283: Opération de travaux individuels infrastructures transports et routes | D283: MPR | E283: DIREN | F283: PAYS | G283: Travaux | H283: Travaux de rénovation du casier du CET 1 du complexe de Nivee | I283: Marché entre 35M XPF HT et 99M XPF HT | J283: Appel d'offres ouvert | K283: IDV | L283: Tahiti | M283: 45778
A284: 7 | B284: =IF(C284="","",VLOOKUP(C284,'Domaines et sous domaines'!$D$3:$E$64,2,FALSE)) -> Biens immobiliers et travaux de construction | C284: Opération de travaux individuels infrastructures transports et routes | D284: MPR | E284: DIREN | F284: PAYS | G284: Travaux | H284: Travaux de VRD et de soutènement pour mise en œuvre de la plateforme pour unités de traitement de déchets | I284: Marché entre 35M XPF HT et 99M XPF HT | J284: Appel d'offres ouvert | K284: IDV | L284: Tahiti | M284: 45809
A285: 7 | B285: =IF(C285="","",VLOOKUP(C285,'Domaines et sous domaines'!$D$3:$E$64,2,FALSE)) -> Biens immobiliers et travaux de construction | C285: Opération de travaux individuels infrastructures transports et routes | D285: MPR | E285: DRM | F285: PAYS | G285: Travaux | H285: Installation du balisage de de la ZPR de Tumaraa | I285: Marché entre 8M XPF HT et 19M XPF HT | J285: Procédure adaptée | K285: ISLV | L285: Raiatea | M285: 45717
... A482: 10 | B482: =IF(C482="","",VLOOKUP(C482,'Domaines et sous domaines'!$D$3:$E$64,2,FALSE)) -> Biens immobiliers et travaux de construction | C482: Opération de travaux individuels bâtiments | D482: MJP | E482: ART | F482: PAYS | G482: Travaux | H482: Implantation d'une solution de séchage du pae'ore | I482: Marché entre 20M XPF HT et 34M XPF HT | J482: Procédure adaptée | K482: AUSTRALES | L482: Rimatara | M482: 45717

Sheet Domaines et sous domaines
B2: LISTE DES DOMAINES | D2: SOUS-DOMAINE
B3: =E3 -> Energies, fluides, carburants | D3: Energies et fluides de carburants | E3: Energies, fluides, carburants | F3: Energies et fluides de carburants
B4: =E6 -> Informatique et Télécoms | D4: Energies et fluides hors réseau | E4: Energies, fluides, carburants | F4: Energies et fluides hors réseau
B5: =E12 -> Véhicules et services connexes | D5: Carburants, huiles, produits pétroliers | E5: Energies, fluides, carburants | F5: Carburants, huiles, produits pétroliers
B6: =E16 -> Transport de personnes et de biens | D6: Télécommunications | E6: Informatique et Télécoms | F6: Télécommunications
B7: =E20 -> Biens immobiliers et travaux de construction | D7: Logiciels | E7: Informatique et Télécoms | F7: Logiciels
B8: =E27 -> Maintenance et exploitation bâtiments et infrastructures | D8: Matériel informatique - Infrastructure | E8: Informatique et Télécoms | F8: Matériel informatique - Infrastructure
B9: =E32 -> Moyens de communication | D9: Matériel informatique - Petit matériel IT | E9: Informatique et Télécoms | F9: Matériel informatique - Petit matériel IT
B10: =E34 -> Moyens d'impression | D10: Prestations informatiques | E10: Informatique et Télécoms | F10: Prestations informatiques
B11: =E36 -> Prestations intellectuelles et formation | D11: Réseaux informatiques | E11: Informatique et Télécoms | F11: Réseaux informatiques
B12: =E39 -> Moyens généraux | D12: Véhicules terrestres | E12: Véhicules et services connexes | F12: Véhicules terrestres
B13: =E46 -> Défense et sécurité | D13: Autres modes de transport | E13: Véhicules et services connexes | F13: Autres modes de transport
B14: =E51 -> Santé et médecine | D14: Entretien, réparations et aménagement de véhicules | E14: Véhicules et services connexes | F14: Entretien, réparations et aménagement de véhicules
B15: =E56 -> Fournitures et matériels divers | D15: Location ou financement de véhicules | E15: Véhicules et services connexes | F15: Location ou financement de véhicules
B16: =E60 -> Prestations et services divers | D16: Affranchissement et expédition - hors logistique | E16: Transport de personnes et de biens | F16: Affranchissement et expédition - hors logistique
B17: =E64 -> Intérêts moratoires, indemnités, pénalités | D17: Transport de biens et logistique | E17: Transport de personnes et de biens | F17: Transport de biens et logistique
D18: Voyages et déplacements | E18: Transport de personnes et de biens | F18: Voyages et déplacements
D19: Prestation d'assistance en escale | E19: Transport de personnes et de biens | F19: Prestation d'assistance en escale
D20: Loyers, charges locatives et copropriété | E20: Biens immobiliers et travaux de construction | F20: Loyers, charges locatives et copropriété
D21: Opération de travaux individuels bâtiments | E21: Biens immobiliers et travaux de construction | F21: Opération de travaux individuels bâtiments
D22: Opération de travaux individuels infrastructures transports et routes | E22: Biens immobiliers et travaux de construction | F22: Opération de travaux individuels infrastructures transports et routes
D23: Prestations intellectuelles travaux | E23: Biens immobiliers et travaux de construction | F23: Prestations intellectuelles travaux
D24: Fournitures et matériel travaux bâtiments | E24: Biens immobiliers et travaux de construction | F24: Fournitures et matériel travaux bâtiments
D25: Fournitures et matériel infrastructures transports et routes | E25: Biens immobiliers et travaux de construction | F25: Fournitures et matériel infrastructures transports et routes
D26: Acquisition immobilière et foncière | E26: Biens immobiliers et travaux de construction | F26: Acquisition immobilière et foncière
D27: Prestation de services sur bâtiments | E27: Maintenance et exploitation bâtiments et infrastructures | F27: Prestation de services sur bâtiments
D28: Prestation de maintenance et réparation technique | E28: Maintenance et exploitation bâtiments et infrastructures | F28: Prestation de maintenance et réparation technique
D29: Prestation de travaux récurrents sur bâtiment | E29: Maintenance et exploitation bâtiments et infrastructures | F29: Prestation de travaux récurrents sur bâtiment
... D64: Intérêts moratoires, indemnités, pénalités | E64: Intérêts moratoires, indemnités, pénalités | F64: Intérêts moratoires, indemnités, pénalités
